 Dungeon Crawl Stone Soup version 0.20-a0-1017-gc3250ce (webtiles) character file.

250 Zoots the Chopper (level 6, -4/43 HPs)
             Began as an Octopode Berserker on Apr 16, 2017.
             Was a Priest of Trog.
             Killed by nerve-wracking pain
             ... invoked by an orc priest
              (12 damage)
             ... on level 4 of the Dungeon.
             The game lasted 00:09:25 (2354 turns).

Zoots the Chopper (Octopode Berserker)              Turns: 2354, Time: 00:09:26

Health: -4/43      AC:  1    Str: 17    XL:     6   Next: 13%
Magic:  6/6        EV: 14    Int:  9    God:    Trog [***...]
Gold:   60         SH:  0    Dex: 13    Spells: 5/5 levels left

rFire    . . .     SeeInvis .   v - +0 war axe
rCold    . . .     Gourm    .   (no shield)
rNeg     . . .     Faith    .   (helmet restricted)
rPois    .         Spirit   .   (no amulet)
rElec    .         Reflect  .   (no ring)
rCorr    .         Harm     .   (no ring)
MR       .....                  (no ring)
Stlth    +++.......             (no ring)
Regen    0.2/turn               (no ring)
MPRegen  0.1/turn               (no ring)
                                (no ring)
                                (no ring)

@: drained
A: almost no armour, stealthy swim, amphibious, 8 rings, constrict 8, camouflage
1, gelatinous body 1
a: Berserk, Trog's Hand, Burn Spellbooks, Renounce Religion


You were on level 4 of the Dungeon.
You worshipped Trog.
Trog was most pleased with you.
You were not hungry.

You visited 1 branch of the dungeon, and saw 4 of its levels.

You collected 60 gold pieces.

Inventory:

Hand Weapons
 m - a +1 dagger of venom
 q - a +0 blowgun
 v - a +0 war axe (weapon)
Jewellery
 g - a cursed ring of protection from cold {unknown}
 k - an uncursed ring of ice {unknown}
 t - a cursed -3 ring of protection {unknown}
Scrolls
 c - 3 scrolls of identify {unknown}
 e - a scroll of blinking {unknown}
 j - 4 scrolls of amnesia {unknown}
 l - 5 scrolls of remove curse {unknown}
 o - 4 scrolls of teleportation {unknown}
 s - a scroll of fog {unknown}
Potions
 d - 2 potions of curing {unknown}
 f - a potion of agility {unknown}
 h - 2 potions of might {unknown}
 i - a potion of brilliance {unknown}
 p - a potion of ambrosia {unknown}
 r - a potion of flight {unknown}
Comestibles
 b - 5 bread rations
 n - 2 meat rations
 u - 3 chunks of flesh


   Skills:
 + Level 4.1(3.4) Fighting
 + Level 4.9(4.3) Axes
 + Level 3.7(3.0) Dodging
 + Level 3.3(2.6) Stealth


You had 5 spell levels left.
You didn't know any spells.

Dungeon Overview and Level Annotations

Branches:
Dungeon (4/15)
 Temple: D:4-7

Altars:


Innate Abilities, Weirdness & Mutations

You cannot wear most types of armour.
You are very stealthy in the water. (Stealth+)
You are amphibious.
You can wear up to eight rings at the same time.
You can use your tentacles to constrict eight enemies at once.
Your skin changes colour to match your surroundings (Stealth+).
Your rubbery body absorbs attacks. (AC +1, EV +1)


Message History

The orc wizard mumbles some strange words.
The orc wizard blinks!
The leopard gecko bites you. The orc barely misses you.
The orc hits you with a flail of draining!
You feel drained.
You slash the orc!
You kill the orc!
Trog accepts your kill.
You hit the leopard gecko. You hit the orc.
The leopard gecko closely misses you.
The orc hits you with a flail of draining!
You feel drained. The leopard gecko barely misses you.
The leopard gecko bites you.
* * * LOW HITPOINT WARNING * * *
The orc closely misses you. The leopard gecko closely misses you.
The orc barely misses you. The leopard gecko bites you.
* * * LOW HITPOINT WARNING * * *
The orc priest invokes the aid of Beogh against you.
Pain shoots through your body!
You die...

##+#
##...#
##.....##
#.......##
.........#
.....oool+
.....o.@.#
#?......##
##.....##
##...#
##+#


You could see an orc priest, an orc wizard, 2 orcs and a leopard gecko.

Vanquished Creatures
  An orc wizard (D:3)
  Terence (D:2)
  Natasha (thrice) (D:2)
  An adder (D:3)
  An ooze (D:2)
  5 worms
  4 dart slugs
  A leopard gecko (D:2)
  5 orcs
  2 giant cockroaches (D:3)
  6 goblins
  9 hobgoblins
  8 jackals
  3 kobolds
  2 quokkas
  2 ball pythons
  6 bats
  5 frilled lizards
  23 rats
88 creatures vanquished.

Notes
Turn   | Place    | Note
-------+----------+-------------------------------------------
     0 | D:1      | Zoots the Octopode Berserker began the quest for the Orb.
     0 | D:1      | Reached XP level 1. HP: 16/16 MP: 1/1
    65 | D:1      | Reached XP level 2. HP: 10/21 MP: 2/2
   351 | D:1      | Reached XP level 3. HP: 21/26 MP: 3/3
   363 | D:1      | Reached ** piety under Trog
   717 | D:2      | Noticed Natasha
   726 | D:2      | Noticed Terence
   727 | D:2      | Killed Natasha
   727 | D:2      | Reached skill level 1 in Stealth
   727 | D:2      | Reached XP level 4. HP: 28/32 MP: 4/4
   735 | D:2      | Killed Terence
   760 | D:2      | Noticed Natasha
   954 | D:2      | Killed Natasha
   954 | D:2      | Reached XP level 5. HP: 34/37 MP: 5/5
  1188 | D:2      | Noticed Natasha
  1199 | D:2      | Killed Natasha
  1730 | D:3      | Reached *** piety under Trog
  2162 | D:3      | Reached XP level 6. HP: 38/43 MP: 6/6
  2354 | D:4      | Killed from afar by an orc priest

Vault maps used:
D:1:      evilmike_arrival_run_for_it
D:2:      uniq_natasha, uniq_terence
D:3:      minmay_rat_hole
D:4:      minmay_door_path, hangedman_abyss_or_decor_slice,
          corexii_item_surrounded_by_moat

Skill      XL: |  1  2  3  4  5 |
---------------+----------------+-----
Stealth        | 1 3 |  3.3
Axes           | 4 |  4.9
Fighting       | 4 |  4.1
Dodging        | |  3.7

Action                   |  1- 3 |  4- 6 || total
-------------------------+-------+-------++-------
Melee: Hand axe          |    50 |    96 ||   146
       Constrict         |    14 |    27 ||    41
       Tentacles         |     8 |    16 ||    24
       War axe           |       |    10 ||    10
Invok: Berserk           |     2 |     2 ||     4
 Stab: Sleeping          |     4 |    12 ||    16
       Distracted        |       |     1 ||     1
  Eat: Chunk             |       |     6 ||     6
       Royal jelly       |       |     1 ||     1
Armor: Skin              |     7 |     5 ||    12
Dodge: Dodged            |    38 |    65 ||   103
